 Dungeon Crawl Stone Soup version 0.29.1-1-gd02db6906a (webtiles) character file.

Game seed: 1651694331616084501

147 MrElixer the Chopper (level 5, -10/47 HPs)
             Began as a Minotaur Berserker on Sept 25, 2022.
             Was a Believer of Trog.
             Killed from afar by an orc wizard (15 damage)
             ... with a puff of flame
             ... on level 3 of the Dungeon.
             The game lasted 00:08:37 (2609 turns).

MrElixer the Chopper (Minotaur Berserker)           Turns: 2609, Time: 00:08:37

Health: -10/47     AC:  9    Str: 21    XL:     5   Next: 7%
Magic:  4/4        EV:  8    Int:  4    God:    Trog [**....]
Gold:   144        SH:  0    Dex: 12    Spells: 4/4 levels left

rFire   x . .      SeeInvis .   a - +0 hand axe
rCold   + . .      Faith    .   (no shield)
rNeg    . . .      Spirit   .   g - +0 chain mail
rPois   .          Reflect  .   (helmet restricted)
rElec   .          Harm     .   (no cloak)
rCorr   .          Rampage  .   (no gloves)
Will    .....                   (no boots)
Stlth   ..........              (no amulet)
HPRegen 0.15/turn               h - ring of ice
MPRegen 0.09/turn               (no ring)

@: confused
A: horns 2, retaliatory headbutt
a: Renounce Religion, Berserk, Trog's Hand


You were on level 3 of the Dungeon.
You worshipped Trog.
Trog was pleased with you.
You visited 1 branch of the dungeon, and saw 3 of its levels.

You collected 144 gold pieces.

Inventory:

Hand Weapons
 a - a +0 hand axe (weapon)
 l - a +0 club
 m - a +2 dagger of draining
 n - a +1 vorpal sling
Armour
 b - a +0 animal skin
 g - a +0 chain mail (worn)
 j - a +0 scale mail
 o - a +0 helmet
Jewellery
 h - a ring of ice (left hand)
 k - a +4 ring of evasion
Scrolls
 f - 2 scrolls of identify {unknown}
Potions
 e - a potion of attraction {unknown}
 i - 2 potions of curing {unknown}
 p - 2 potions of lignification {unknown}


   Skills:
 + Level 4.7 Fighting
 + Level 5.7 Axes
 + Level 3.1 Armour
 + Level 2.6 Dodging
 + Level 0.1 Stealth


You had 4 spell levels left.
You didn't know any spells.
Your spell library was empty.

Dungeon Overview and Level Annotations

Branches:
Dungeon (3/15)

Altars:

Annotations:
D:3 1 runed translucent door, Crazy Yiuf


Innate Abilities, Weirdness & Mutations

You have a pair of horns on your head.
You reflexively headbutt those who attack you in melee.


Message History

You're too confused to move!
Something hits you but does no damage.
You bump into the rock wall.
You feel less confused. Something hits you but does no damage.
You see here a +0 robe.
You start resting.
Something hits you but does no damage. Something hits you.
* * * LOW HITPOINT WARNING * * *
A magic dart appears from out of thin air!
The magic dart hits you.
* * * LOW HITPOINT WARNING * * *
Found a hammer.
Found a runed translucent door.
Crazy Yiuf shouts!
Something hits you but does no damage.
You miss something. Your headbutt misses something.
An orc wizard appears from thin air!
Reactivating autopickup.
The orc wizard closely misses you. You furiously retaliate!
You headbutt the orc wizard!
You hit the orc wizard but do no damage.
The orc wizard is almost dead.
The orc wizard hits you with a +0 dagger.
* * * LOW HITPOINT WARNING * * *
You barely miss the orc wizard.
The orc wizard is almost dead.
The orc wizard hits you with a +0 dagger.
* * * LOW HITPOINT WARNING * * *
You barely miss the orc wizard. Your headbutt misses the orc wizard.
The orc wizard is almost dead.
The orc wizard gestures at you while chanting.
You are confused.
Okay, then.
You miss the orc wizard.
The orc wizard is almost dead.
The orc wizard hits you with a +0 dagger.
* * * LOW HITPOINT WARNING * * *
You bump into the tree.
The orc wizard casts a spell at you. The puff of flame hits you!
The fire burns you terribly!
You die...

##### #...##♣♣ ###
###...#..♣♣ ♣♣#..)#
#.........♣♣♣♣.+...#
####.###......♣o@♣#...#
......[..#...♣.♣♣♣ ###
####.######♣♣♣♣♣ #.#
#.# # #.# . ..# ## .##
.


You could see an orc wizard.

Vanquished Creatures
  An orc priest (D:3)
  Robin (D:2)
  2 adders (D:2)
  4 worms
  3 orcs (D:3)
  5 endoplasms
  2 giant cockroaches (D:1)
  14 goblins
  7 hobgoblins
  7 jackals
  6 ball pythons
  5 bats
  5 frilled lizards
  6 kobolds
  3 rats (D:2)
71 creatures vanquished.

Notes
Turn   | Place    | Note
-------+----------+-------------------------------------------
     0 | D:1      | MrElixer the Minotaur Berserker began the quest for the
                  | Orb.
     0 | D:1      | Reached XP level 1. HP: 19/19 MP: 0/0
     0 | D:1      | Noticed a gargoyle
     1 | D:1      | Noticed a tengu
     3 | D:1      | Noticed a tengu
     7 | D:1      | Noticed a formicid
     8 | D:1      | Noticed a naga
    10 | D:1      | Noticed a draconian
    10 | D:1      | Noticed a demonspawn
    12 | D:1      | Noticed a merfolk
    15 | D:1      | Noticed an octopode
    17 | D:1      | Noticed a spriggan
   134 | D:1      | Reached XP level 2. HP: 6/27 MP: 1/1
   158 | D:1      | Reached skill level 4 in Axes
  1192 | D:2      | Noticed Robin
  1257 | D:2      | Reached XP level 3. HP: 33/33 MP: 2/2
  1263 | D:2      | Reached ** piety under Trog
  1583 | D:2      | Reached XP level 4. HP: 39/39 MP: 3/3
  1590 | D:2      | Reached skill level 5 in Axes
  1596 | D:2      | Killed Robin
  2519 | D:3      | Reached XP level 5. HP: 37/47 MP: 4/4
  2599 | D:3      | Found a runed translucent door.
  2600 | D:3      | Noticed Crazy Yiuf
  2609 | D:3      | Killed from afar by an orc wizard

Illustrated notes

Levels and vault maps discovered:
D:1:      shiori_arrival_whats_in_store_for_you, layout_basic
D:2:      layout_basic, uniq_robin
D:3:      layout_basic, grunt_ministairs_11, chequers_garden, hex_medium,
          uniq_crazy_yiuf_cottage

Skill      XL: |  1  2  3  4 |
---------------+-------------+-----
Axes           | 4 5 |  5.7
Fighting       | 4 |  4.7
Armour         | 3 |  3.1
Dodging        | |  2.6
Stealth        | |  0.1

Action                   |  1- 3 |  4- 6 || total
-------------------------+-------+-------++-------
Melee: Hand axe          |    80 |    76 ||   156
       Headbutt          |    16 |     6 ||    22
Invok: Berserk           |       |     1 ||     1
       Trog's Hand       |       |     1 ||     1
  Use: Potion            |       |     2 ||     2
Armor: Animal skin       |     5 |       ||     5
       Chain mail        |    23 |    60 ||    83
Dodge: Dodged            |    36 |    40 ||    76
